 Dungeon Sprint DCSS version 0.23.2-33-g5129a83184 (webtiles) character file.

Game seed: 16714514255623137403

424 t4s4d4r the Cruncher (level 7, -3/56 HPs)
             Began as a Formicid Fighter on July 26, 2019.
             Was an Initiate of Okawaru.
             Slain by a centaur warrior (12 damage)
             ... in the Dungeon (Sprint I: "Red Sonja").
             The game lasted 00:01:38 (528 turns).

t4s4d4r the Cruncher (Formicid Fighter)              Turns: 528, Time: 00:01:38

Health: -3/56      AC:  7    Str: 28    XL:     7   Next: 17%
Magic:  7/7        EV: 10    Int:  7    God:    Okawaru [......]
Gold:   311        SH: 11    Dex: 10    Spells: 6/6 levels left

rFire    . . .     SeeInvis +   a - +0 quarterstaff
rCold    . . .     Gourm    .   c - +0 shield
rNeg     . . .     Faith    .   b - +0 scale mail
rPois    .         Spirit   .   (helmet unavailable)
rElec    .         Reflect  .   (no cloak)
rCorr    .         Harm     .   (no gloves)
MR       .....                  (no boots)
Stlth    +.........             (no amulet)
HPRegen  0.18/turn              (no ring)
MPRegen  0.10/turn              (no ring)

@: mighty
A: permanent stasis, dig shafts and tunnels, four strong arms, antennae 3
a: Dig, Renounce Religion


You were in the Dungeon.
You worshipped Okawaru.
Okawaru was noncommittal.
You were not hungry.

You visited 1 branch You collected 311 gold pieces.

Inventory:

Hand Weapons
 a - a +0 quarterstaff (weapon)
Armour
 b - a +0 scale mail (worn)
 c - a +0 shield (worn)
Scrolls
 k - a scroll of blinking
 l - a scroll of amnesia {unknown}
Potions
 e - a potion of curing
 h - a potion of haste
 i - 2 potions of magic
 j - a potion of berserk rage
Comestibles
 f - a ration
 m - a chunk of flesh


   Skills:
 + Level 5.6 Fighting
 * Level 10.9 Staves
 + Level 5.5 Armour
 + Level 3.5 Dodging
 + Level 5.2 Stealth
 + Level 6.3 Shields


You had 6 spell levels left.
You didn't know any spells.
Your spell library was empty.

Dungeon Overview and Level Annotations

Branches:
Dungeon (1/1)

Altars:
Cheibriados
Dithmenos
Elyvilon
Fedhas
Gozag
Hepliaklqana
Kikubaaqudgha
Nemelex Xobeh
Okawaru
Qazlal
Ru
Sif Muna
Trog
Uskayaw
Vehumet
Wu Jian
Yredelemnul
Zin
The Shining One

Shops:
D %


Innate Abilities, Weirdness & Mutations

You cannot be hasted, slowed, berserked, paralysed or teleported.
You can dig through walls and to a lower floor.
Your four strong arms can wield two-handed weapons with a shield.
You have a pair of large antennae on your head. (SInv)


Message History

You completely miss the centaur warrior.
The centaur warrior is heavily wounded.
You block the centaur warrior's attack.
The centaur warrior hits you but does no damage.
Unknown command.
You feel much better. The centaur warrior hits you.
The centaur warrior hits you with a cursed -3 shortbow.
The centaur warrior hits you!
Unknown command.
Your shield prevents you from hitting the centaur warrior.
The centaur warrior is heavily wounded.
The centaur warrior hits you with a cursed -3 shortbow!
You block the centaur warrior's attack.
Unknown command.
You sock the centaur warrior!
The centaur warrior is severely wounded.
The centaur warrior hits you with a cursed -3 shortbow!
* * * LOW HITPOINT WARNING * * *
The centaur warrior hits you!
You die...

################
#<.#..)..#..'..#
#..'[.#..').#..+ {
#..#####'#####'# #
#..####..#...#.####§§
#..#__####..##.#(§§§c#
#..#_____##'#_('§§≈§§+
#⌠⌠#_.∩...÷..cc#§≈§.c#
####_..__##_.#@##+####
#_____###+#(# #######
### { { { { {{ { {


You could see 2 centaur warriors.

Vanquished Creatures
  Sigmund (D)
  A yak (D)
  An ogre (D)
  A jelly (D)
  Ijyb (D)
5 creatures vanquished.

Vanquished Creatures (others)
  A gargoyle (D)
1 creature vanquished.

Grand Total: 6 creatures vanquished

Notes
Turn   | Place    | Note
-------+----------+-------------------------------------------
     0 | D        | t4s4d4r the Formicid Fighter began the quest for the Orb.
     0 | D        | Reached XP level 1. HP: 18/18 MP: 1/1
     2 | D        | Noticed Ijyb
    28 | D        | Killed Ijyb
    28 | D        | Reached skill level 6 in Staves
    28 | D        | Reached XP level 2. HP: 14/24 MP: 2/2
    28 | D        | Reached XP level 3. HP: 17/29 MP: 3/3
   154 | D        | Noticed an ogre
   159 | D        | Killed an ogre
   159 | D        | Reached skill level 9 in Staves
   159 | D        | Reached XP level 4. HP: 35/35 MP: 4/4
   159 | D        | Reached XP level 5. HP: 41/41 MP: 5/5
   171 | D        | Noticed Sigmund
   197 | D        | Killed Sigmund
   197 | D        | Reached skill level 10 in Staves
   197 | D        | Reached skill level 5 in Shields
   197 | D        | Reached XP level 6. HP: 30/49 MP: 6/6
   324 | D        | Found an ornate altar of the Wu Jian Council.
   324 | D        | Found a deep blue altar of Sif Muna.
   326 | D        | Found a radiant altar of Vehumet.
   385 | D        | Killed a gargoyle
   443 | D        | Found Ihup's Food Emporium.
   443 | D        | Found an ancient bone altar of Kikubaaqudgha.
   443 | D        | Found a hazy altar of Hepliaklqana.
   443 | D        | Found a stormy altar of Qazlal.
   443 | D        | Found a hide-covered altar of Uskayaw.
   443 | D        | Found a blossoming altar of Fedhas.
   443 | D        | Found a bloodstained altar of Trog.
   443 | D        | Found an iron altar of Okawaru.
   443 | D        | Found a basalt altar of Yredelemnul.
   443 | D        | Found a glowing golden altar of the Shining One.
   443 | D        | Found a snail-covered altar of Cheibriados.
   443 | D        | Found a sacrificial altar of Ru.
   443 | D        | Found a glowing silver altar of Zin.
   443 | D        | Found a shadowy altar of Dithmenos.
   443 | D        | Found a white marble altar of Elyvilon.
   443 | D        | Noticed a yak
   450 | D        | Killed a yak
   450 | D        | Reached skill level 5 in Fighting
   450 | D        | Reached skill level 5 in Armour
   450 | D        | Reached skill level 5 in Stealth
   450 | D        | Reached XP level 7. HP: 48/56 MP: 7/7
   451 | D        | Found an opulent altar of Gozag.
   454 | D        | Found a sparkling altar of Nemelex Xobeh.
   497 | D        | Became a worshipper of Warmaster Okawaru
   513 | D        | Noticed a centaur warrior
   514 | D        | Noticed a centaur warrior
   528 | D        | Slain by a centaur warrior

Skill      XL: |  1  2  3  4  5  6 |
---------------+-------------------+-----
Staves         | 6 9 10 | 10.9
Fighting       | 4 5 |  5.6
Armour         | 4 5 |  5.5
Dodging        | 2 3 |  3.5
Stealth        | 3 5 |  5.2
Shields        | 5 6 |  6.3

Action                   |  1- 3 |  4- 6 |  7- 9 || total
-------------------------+-------+-------+-------++-------
Melee: Quarterstaff      |    29 |    32 |     5 ||    66
  Use: Potion            |       |       |     2 ||     2
Armor: Scale mail        |     7 |     3 |     3 ||    13
Dodge: Dodged            |    10 |     4 |       ||    14
Block: Shield            |    11 |    10 |     6 ||    27
